 Dungeon Crawl Stone Soup version 0.21.1-1-g345015fe64 (webtiles) character file.

5602 Gargoyl the Chopper (level 10, -6/83 HPs)
             Began as a Centaur Abyssal Knight on June 26, 2018.
             Was an Elder of Lugonu.
             Mangled by a death yak (15 damage)
             ... on level 9 of the Dungeon.
             The game lasted 00:19:31 (10850 turns).

Gargoyl the Chopper (Centaur Abyssal Knight)       Turns: 10850, Time: 00:19:32

Health: -6/83      AC: 19    Str: 17    XL:     10   Next: 45%
Magic:  6/15       EV:  2    Int: 11    God:    Lugonu [****..]
Gold:   317        SH: 14    Dex: 10    Spells: 9/9 levels left

rFire    + + .     SeeInvis .   u - +0 war axe
rCold    + . .     Gourm    .   r - +1 large shield
rNeg     . . .     Faith    .   q - +0 chain mail {rC+}
rPois    .         Spirit   .   C - +0 helmet
rElec    .         Reflect  .   y - +0 cloak (curse)
rCorr    .         Harm     .   (no gloves)
MR       .....                  (no barding)
Stlth    ..........             (no amulet)
HPRegen  0.23/turn              j - +5 ring of protection
MPRegen  0.14/turn              e - ring of protection from fire

@: very slightly contaminated, very quick
A: large, hooves 3, icy blue scales 1, deformed body, fire resistance 1, speed
2, tough skin 3, wild magic 1
a: Depart the Abyss, Bend Space, Banish, Corrupt, Renounce Religion


You were on level 9 of the Dungeon.
You worshipped Lugonu.
Lugonu was greatly pleased with you.
You were not hungry.

You visited 1 branch of the dungeon, and saw 9 of its levels.
You visited the Abyss 1 time.
You also visited: Sewer.

You collected 425 gold pieces.
You spent 108 gold pieces at shops.

Inventory:

Hand Weapons
 a - a +1 hand axe
 u - a +0 war axe (weapon)
Armour
 q - a +0 chain mail of cold resistance (worn)
 r - a +1 large shield (worn)
 y - a cursed +0 cloak (worn)
 C - a +0 helmet (worn)
Jewellery
 d - an uncursed ring of see invisible
 e - a ring of protection from fire (right hand)
 j - a +5 ring of protection (left hand)
Wands
 f - a wand of paralysis (22)
 i - a wand of acid (15)
 o - a wand of random effects (33)
 p - a wand of digging (7)
Scrolls
 b - a scroll of amnesia
 h - a scroll of identify
 k - 4 scrolls of teleportation
 n - 5 scrolls of remove curse
Potions
 l - 2 potions of curing
 m - 6 potions of flight
 x - 2 potions of brilliance
 z - a potion of haste
 A - 2 potions of cancellation
Books
 s - a book of Conjurations

   Spells                             Type                      Level
   a - Magic Dart                     Conjuration                  1
   b - Searing Ray                    Conjuration                  2
   c - Dazzling Spray                 Conjuration/Hexes            3
   d - Fulminant Prism                Conjuration/Hexes            4
   e - Force Lance                    Conjuration/Translocation    4
   f - Iskenderun's Mystic Blast      Conjuration                  4
 v - a book of Cantrips

   Spells                             Type                      Level
   a - Confusing Touch                Hexes                        1
   b - Animate Skeleton               Necromancy                   1
   c - Summon Small Mammal            Summoning                    1
   d - Apportation                    Translocation                1
Comestibles
 c - 20 rations


   Skills:
 + Level 5.6 Fighting
 + Level 7.6 Axes
 * Level 6.6 Armour
 + Level 2.0 Dodging
 + Level 4.3 Shields
 * Level 7.4 Invocations


You had 9 spell levels left.
You didn't know any spells.

Dungeon Overview and Level Annotations

Branches:
Dungeon (9/15)             Temple (0/1) D:5            Lair (0/6) D:9
    Orc (0/2) D:9

Altars:
Nemelex Xobeh
Ru
Wu Jian
Zin
The Shining One

Shops:
D:5 }   D:6 :?   D:9 [

Annotations:
D:7 2 transporters


Innate Abilities, Weirdness & Mutations

You have hooves in place of feet.
Armour fits poorly on your strangely shaped body.
You cover ground very quickly.
You have extremely tough skin. (AC +3)
You are partially covered in icy blue scales. (AC +2)
Your flesh is heat resistant. (rF+)
Your spells are a little harder to cast, but a little more powerful.


Message History

A death yak comes into view.
The death yak bellows! x2; You hear a bellow!
You block the bullfrog's attack.
Your surroundings suddenly seem different.
Found a scroll of magic mapping and a scroll of random uselessness.
Unknown command.
As you read the scroll of teleportation, it crumbles to dust.
You feel strangely unstable.
Found a stone staircase leading down.
Your surroundings seem slightly different.
The death yak bellows!
You block the death yak's attack. x2
The quasit bites you but does no damage.
The quasit claws you but does no damage. x2
You hit the death yak but do no damage.
You kick the death yak, but do no damage.
Your shield and chain mail prevent you from hitting the quasit.
You hit the scorpion but do no damage. You hit the death yak but do no damage.
You hit the death yak. The death yak gores you!
You die...

###### #....#####
#........####
#?...#.#....#
#...........#
#########...YY......#
......>ยง.Y..Y@......#
######.##...?5s#.....
#. #.#.......... #.
#.#....>..... #.
#.......Y....#### #.
#.........Y....$# #.
#.#....#....##.## #.
#.........#..F.#
......Y.###


You could see 6 death yaks, a scorpion and a quasit.

Vanquished Creatures
  Pikel (D:6)
  Grinder (D:6)
  A slime creature (D:9)
  Sigmund (D:6)
  3 hogs
  A yak (D:7)
  A human (D:7)
  Menkaure (D:7)
  Edmund (D:6)
  A water moccasin (D:7)
  A black bear (D:9)
  A hornet zombie (D:6)
  An ice beast (D:8)
  2 sky beasts
  4 necrophages
  An orc warrior (D:7)
  An ogre (D:9)
  2 centaurs
  The ghost of gorpus the Changer, an amateur OpTm of Ashenzari (D:3)
  A big kobold (Sewer)
  8 bullfrogs
  A water moccasin zombie (D:9)
  3 scorpions
  2 wights (D:9)
  A howler monkey (D:5)
  3 crimson imps
  A quasit (D:8)
  A gnoll shaman (D:6)
  A jelly (D:9)
  A centaur zombie (D:6)
  A hound (D:8)
  4 orc priests
  Crazy Yiuf (D:7)
  10 orc wizards
  Ijyb (D:4)
  5 worker ants
  A mummy (D:9)
  9 gnolls
  3 river rats (Sewer)
  7 adders
  2 oozes (D:2)
  3 adder zombies
  4 worms
  3 dart slugs
  5 leopard geckos
  28 orcs
  4 ball pythons
  10 giant cockroaches
  7 hobgoblins
  12 jackals
  8 kobolds
  3 quokkas
  5 bats
  6 frilled lizards
  A giant cockroach zombie (D:5)
  12 goblins
  9 rats
213 creatures vanquished.

Vanquished Creatures (others)
  A death knight (D:9)
  3 slaves (D:6)
  A centaur (D:6)
  A crimson imp (D:7)
  An orc wizard (D:6)
  A quokka (D:6)
8 creatures vanquished.

Grand Total: 221 creatures vanquished

Notes
Turn   | Place    | Note
-------+----------+-------------------------------------------
     0 | Abyss:1  | Gargoyl the Centaur Abyssal Knight began the quest for the Orb.
     0 | Abyss:1  | Reached XP level 1. HP: 19/19 MP: 2/2
   158 | Abyss:1  | Noticed a raiju
   159 | D:1      | Escaped the Abyss
   198 | D:1      | Reached * piety under Lugonu
   353 | D:1      | Reached XP level 2. HP: 21/26 MP: 3/3
   962 | D:2      | Reached XP level 3. HP: 26/31 MP: 4/4
  1023 | D:2      | Reached XP level 4. HP: 8/39 MP: 5/5
  1469 | D:2      | Reached ** piety under Lugonu
  2184 | D:3      | Reached XP level 5. HP: 25/46 MP: 7/7
  2620 | D:3      | Noticed gorpus's ghost (amateur OpTm)
  2735 | D:3      | Killed gorpus's ghost
  2850 | D:3      | Found a sparkling altar of Nemelex Xobeh.
  2886 | D:3      | Reached XP level 6. HP: 52/52 MP: 8/8
  2960 | D:3      | Found a glowing golden altar of the Shining One.
  2960 | D:3      | Found a glowing silver altar of Zin.
  2961 | D:3      | Found an ornate altar of the Wu Jian Council.
  3180 | D:4      | Found a glowing drain.
  3204 | Sewer    | Entered a sewer
  3222 | Sewer    | Reached *** piety under Lugonu
  3418 | Sewer    | Found a glowing silver altar of Zin.
  3503 | D:4      | Noticed Ijyb
  3514 | D:4      | Killed Ijyb
  4017 | D:5      | Entered Level 5 of the Dungeon
  4222 | D:5      | Found Nyclois's Gadget Shop.
  4243 | D:5      | Reached XP level 7. HP: 14/59 MP: 9/9
  4553 | D:5      | Found a staircase to the Ecumenical Temple.
  4557 | D:5      | Gained mutation: You are partially covered in icy blue scales. (AC +2) [potion of mutation]
  4557 | D:5      | Gained mutation: Your spells are a little harder to cast, but a little more powerful. [potion of mutation]
  4557 | D:5      | Gained mutation: Your flesh is heat resistant. (rF+) [potion of mutation]
  4892 | D:5      | Reached skill level 1 in Shields
  5077 | D:6      | Noticed Grinder
  5095 | D:6      | Paralysed by Grinder for 3 turns
  5098 | D:6      | Reached skill level 1 in Dodging
  5107 | D:6      | Killed Grinder
  5377 | D:6      | Noticed Pikel
  5510 | D:6      | Killed Pikel
  5510 | D:6      | Reached skill level 5 in Axes
  5510 | D:6      | Reached skill level 5 in Invocations
  5510 | D:6      | Reached XP level 8. HP: 24/67 MP: 11/11
  6218 | D:6      | Reached skill level 5 in Armour
  6290 | D:6      | Found Wisulev's Magic Scroll Shop.
  6296 | D:6      | Bought a scroll of teleportation for 36 gold pieces
  6296 | D:6      | Bought a scroll of teleportation for 36 gold pieces
  6296 | D:6      | Bought a scroll of teleportation for 36 gold pieces
  6315 | D:6      | Found Soeh's Book Shoppe.
  6348 | D:6      | Noticed Edmund
  6367 | D:6      | Killed Edmund
  6431 | D:6      | Noticed Sigmund
  6467 | D:6      | Reached XP level 9. HP: 38/73 MP: 13/13
  6469 | D:6      | Killed Sigmund
  6657 | D:6      | Reached **** piety under Lugonu
  7000 | D:7      | Found a transporter.
  7000 | D:7      | Noticed an orc high priest
  7008 | D:7      | Found a transporter.
  7026 | D:7      | Reached skill level 5 in Fighting
  7265 | D:7      | Found a runed door.
  7406 | D:7      | Noticed a kobold demonologist
  7752 | D:7      | HP: 2/74 [hog (10)]
  8268 | D:7      | Noticed Menkaure
  8277 | D:7      | Killed Menkaure
  8546 | D:7      | Noticed Crazy Yiuf
  8551 | D:7      | Killed Crazy Yiuf
  8696 | D:8      | Reached XP level 10. HP: 77/81 MP: 15/15
  9424 | D:9      | Found Kuthepp's Armour Boutique.
 10034 | D:9      | Noticed a catoblepas
 10448 | D:9      | Found a sacrificial altar of Ru.
 10503 | D:9      | Noticed a death knight
 10794 | D:9      | Banished a death knight
 10808 | D:9      | HP: 3/83 [catoblepas (11)]
 10811 | D:9      | HP: 1/83 [catoblepas (8)]
 10815 | D:9      | Found a staircase to the Orcish Mines.
 10836 | D:9      | Found a staircase to the Lair.
 10836 | D:9      | Noticed a death yak
 10836 | D:9      | Noticed a death yak
 10839 | D:9      | Noticed a death yak
 10840 | D:9      | Noticed a death yak
 10842 | D:9      | Noticed a death yak
 10842 | D:9      | Noticed a death yak
 10850 | D:9      | Mangled by a death yak

Skill      XL: |  1  2  3  4  5  6  7  8  9 10 |
---------------+-------------------------------+-----
Axes           | 2 3 4 5 7 |  7.6
Armour         | 2 3 4 5 6 |  6.6
Invocations    | 3 5 6 7 |  7.4
Fighting       | 4 5 |  5.6
Shields        | 2 4 |  4.3
Dodging        | 1 2 |  2.0

Action                   |  1- 3 |  4- 6 |  7- 9 | 10-12 || total
-------------------------+-------+-------+-------+-------++-------
Melee: Hand axe          |    62 |   245 |       |       ||   307
       Kick              |    10 |    47 |   111 |    52 ||   220
       War axe           |       |    15 |   456 |   167 ||   638
Invok: Depart the Abyss  |     1 |       |       |       ||     1
       Banish            |       |       |     1 |     4 ||     5
Evoke: Wand              |       |       |     2 |     3 ||     5
  Use: Potion            |     1 |     1 |     7 |     2 ||    11
       Scroll            |       |    12 |    10 |     7 ||    29
 Stab: Paralysed         |       |       |       |     2 ||     2
  Eat: Chunk             |       |     7 |    12 |     1 ||    20
       Ration            |       |       |     1 |     2 ||     3
Armor: Leather armour    |     1 |       |       |       ||     1
       Chain mail        |    35 |   195 |   281 |   158 ||   669
Dodge: Dodged            |    21 |    51 |    20 |    18 ||   110
Block: Large shield      |       |    40 |   316 |   156 ||   512
